 Dungeon Crawl Stone Soup version 0.21.1-1-g345015f (webtiles) character file.

46 MajorAdolf the Skirmisher (level 3, -2/29 HPs)
             Began as a Demonspawn Fighter on Apr 2, 2018.
             Slain by an ogre
             ... wielding a +0 giant club
              (17 damage)
             ... on level 2 of the Dungeon.
             The game lasted 00:03:09 (1073 turns).

MajorAdolf the Skirmisher (Demonspawn Fighter)      Turns: 1073, Time: 00:03:09

Health: -2/29      AC:  6    Str: 17    XL:     3   Next: 46%
Magic:  3/3        EV:  7    Int:  9    God:
Gold:   87         SH:  9    Dex: 12    Spells: 2/2 levels left

rFire    + . .     SeeInvis .   a - +0 war axe
rCold    . . .     Gourm    .   c - +0 shield
rNeg     . . .     Faith    .   b - +0 scale mail
rPois    .         Spirit   .   (helmet restricted)
rElec    .         Reflect  .   (no cloak)
rCorr    .         Harm     .   (no gloves)
MR       .....                  (no boots)
Stlth    ..........             (no amulet)
HPRegen  0.09/turn              (no ring)
MPRegen  0.08/turn              (no ring)

@: no status effects
A: horns 1, fire resistance 1
a: no special abilities


You were on level 2 of the Dungeon.
You were hungry.

You visited 1 branch of the dungeon, and saw 2 of its levels.

You collected 87 gold pieces.

Inventory:

Hand Weapons
 a - a +0 war axe (weapon)
 g - a +0 club
Armour
 b - a +0 scale mail (worn)
 c - a +0 shield (worn)
Scrolls
 e - a scroll of blinking {unknown}
 i - 3 scrolls of teleportation {unknown}
 l - 2 scrolls of enchant armour {unknown}
 m - 2 scrolls of identify {unknown}
Potions
 d - a potion of might
 h - a potion of agility {unknown}
 j - a potion of mutation {unknown}
 k - a potion of resistance {unknown}
 n - 2 potions of degeneration {unknown}
Comestibles
 f - 3 rations


   Skills:
 + Level 3.6 Fighting
 + Level 2.5 Axes
 + Level 2.9 Armour
 + Level 3.0 Shields


You had 2 spell levels left.
You didn't know any spells.

Dungeon Overview and Level Annotations

Branches:
Dungeon (2/15)

Altars:


Innate Abilities, Weirdness & Mutations

You have a pair of small horns on your head.
Your flesh is heat resistant. (rF+)


Message History

The adder bites you but does no damage. You block the leopard gecko's attack.
Found a stone staircase leading up.
You block the adder's attack. The dart slug launches a dart at you.
You block the slug dart.
The kobold throws a stone.
The stone closely misses you. The adder barely misses you.
There is a stone staircase leading up here.
The adder barely misses you.
The kobold throws a stone.
The stone hits you but does no damage. The dart slug launches a dart at you.
The slug dart hits you!
You climb upwards.
There is a stone staircase leading down here.
Unknown command.
The adder barely misses you. You block the adder's attack.
You climb downwards.
The leopard gecko bites you but does no damage.
The ogre hits you with a giant club!
Ouch! That really hurt!
You die...

########)..♣.♣.[.#
##.†..♣...## #
#..#.....##
#######.###..###
.........#####
.........#
....)....##########
.........#....(O..#
###.###.##.....S@K#
#.#...##......l.#
###...####........#
..................#
....#####.....w...#
###.##..#.#.#.#.#.#
#.#...(.........#
###.#.#)#.......###
......#..........#


You could see an ogre, an adder, a dart slug, a leopard gecko and a kobold.

Vanquished Creatures
  An ooze (D:2)
  A dart slug (D:1)
  A leopard gecko (D:1)
  3 giant cockroaches (D:1)
  3 goblins (D:1)
  8 hobgoblins
  2 jackals (D:1)
  2 ball pythons (D:1)
  6 bats
  A frilled lizard (D:2)
  5 kobolds (D:1)
  2 rats (D:1)
35 creatures vanquished.

Notes
Turn   | Place    | Note
-------+----------+-------------------------------------------
     0 | D:1      | MajorAdolf the Demonspawn Fighter began the quest for the Orb.
     0 | D:1      | Reached XP level 1. HP: 18/18 MP: 1/1
    21 | D:1      | Noticed a wolf
    21 | D:1      | Noticed a polar bear
    21 | D:1      | Noticed a lindwurm
    21 | D:1      | Noticed a killer bee
    21 | D:1      | Noticed a salamander
   100 | D:1      | Gained mutation: You have a pair of small horns on your head. [demonic ancestry]
   100 | D:1      | Reached XP level 2. HP: 23/24 MP: 2/2
   482 | D:1      | Gained mutation: Your flesh is heat resistant. (rF+) [demonic ancestry]
   482 | D:1      | Reached XP level 3. HP: 29/29 MP: 3/3
  1040 | D:2      | Noticed an ogre
  1073 | D:2      | Slain by an ogre

Skill      XL: |  1  2  3 |
---------------+----------+-----
Axes           | 2 |  2.5
Shields        | 3 |  3.0
Fighting       | |  3.6
Armour         | |  2.9

Action                   || total
-------------------------++-------
Melee: War axe           ||   109
       Headbutt          ||    12
Armor: Scale mail        ||    73
Dodge: Dodged            ||    35
Block: Shield            ||    67
